 Dungeon Crawl Stone Soup version 0.29-a0-517-gbdf32494f2 (webtiles) character file.

Game seed: 5004107431016321322

1690 Foxy the Slasher (level 8, 0/68 HPs)
             Began as a Palentonga Abyssal Knight on May 30, 2022.
             Was a Priest of Lugonu.
             Splashed by a jelly's acid (10 damage)
             ... on level 6 of the Dungeon.
             The game lasted 00:08:39 (9292 turns).

Foxy the Slasher (Palentonga Abyssal Knight)        Turns: 9292, Time: 00:08:40

Health: 0/68       AC:  4    Str: 16    XL:     8   Next: 72%
Magic:  12/12      EV: 10    Int: 12    God:    Lugonu [***...]
Gold:   239        SH:  0    Dex: 18    Spells: 7/7 levels left

rFire   . . .      SeeInvis +   c - +0 long sword
rCold   . . .      Faith    .   (no shield)
rNeg    . . .      Spirit   .   a - +0 ring mail
rPois   .          Reflect  .   (no helmet)
rElec   .          Harm     .   (no cloak)
rCorr   .          Rampage  .   (no gloves)
Will    .....                   (no barding)
Stlth   +.........              (no amulet)
HPRegen 0.21/turn               u - +6 ring of dexterity
MPRegen 0.13/turn               (no ring)

@: corroded, curled up
A: large, rugged brown scales 3, see invisible, deformed body, roll 1, armoured
tail, reflexive curl
a: Rolling Charge, Renounce Religion, Depart the Abyss, Bend Space, Banish


You were on level 6 of the Dungeon.
You worshipped Lugonu.
Lugonu was most pleased with you.
You visited 1 branch of the dungeon, and saw 6 of its levels.
You visited the Abyss 1 time.

You collected 295 gold pieces.
You spent 56 gold pieces at shops.

Inventory:

Hand Weapons
 c - a +0 long sword (weapon)
Missiles
 s - 4 curare-tipped darts (quivered)
Armour
 a - a +0 ring mail (worn)
 b - a +0 leather armour
Jewellery
 u - a +6 ring of dexterity (left hand)
 v - a +6 ring of strength
Wands
 q - a wand of paralysis (4)
 x - a wand of iceblast (10)
Scrolls
 g - a scroll of fog
 j - 2 scrolls of vulnerability
 k - 3 scrolls of teleportation
 l - 2 scrolls of fear
 m - 2 scrolls of enchant weapon {unknown}
 n - a scroll of amnesia {unknown}
 p - a scroll of poison
 w - a scroll of brand weapon
 y - a scroll of identify
 z - a scroll of immolation {unknown}
Potions
 d - 3 potions of curing
 e - a potion of lignification {unknown}
 f - 2 potions of haste {unknown}
 h - 5 potions of heal wounds
 i - 3 potions of brilliance {unknown}
 o - 2 potions of flight {unknown}
 r - a potion of might {unknown}
 t - a potion of ambrosia {unknown}


   Skills:
 + Level 5.8 Fighting
 * Level 7.3 Long Blades
 - Level 1.5 Armour
 + Level 4.1 Dodging
 + Level 5.7 Invocations


You had 7 spell levels left.
You didn't know any spells.
Your spell library contained the following spells:

 Spells                   Type           Power      Damage    Failure   Level
 Conjure Flame            Conj/Fire      0%         6-21      88%         3
 Ignite Poison            Fire/Tmut/Pois 0%         N/A       88%         3
 Ozocubu's Armour         Ice            0%         N/A       88%         3
 Summon Guardian Golem    Hex/Summ       0%         N/A       88%         3
 Animate Armour           Summ/Erth      0%         N/A       99%         4
 Olgreb's Toxic Radiance  Pois           0%         N/A       99%         4
 Sticky Flame             Conj/Fire      0%         2d3       99%         4
 Metabolic Englaciation   Hex/Ice        0%         N/A       100%        5
 Summon Forest            Summ/Tloc      0%         N/A       100%        5
 Simulacrum               Ice/Necr       0%         N/A       100%        6
 Borgnjor's Revivificati  Necr           0%         N/A       100%        8
 Necromutation            Tmut/Necr      0%         N/A       100%        8
 Death's Door             Necr           0%         N/A       100%        9


Dungeon Overview and Level Annotations

Branches:
Dungeon (6/15)             Temple (0/1) D:6

Altars:
Makhleb
Ru
Vehumet

Shops:
D:3 =   D:5 *   D:6 (?[


Innate Abilities, Weirdness & Mutations

You are completely covered in rugged brown scales. (AC +3, +7% HP)
You have supernaturally acute eyesight. (SInv)
Armour fits poorly on your strangely shaped body.
You can roll at nearby foes to attack.
You have a long armoured tail.
You curl defensively after being hit. (AC +7*)


Message History

Found a ring mail.
A jelly comes into view.
Found 9 gold pieces.
The jelly quivers.
The jelly hits you.
You are splashed with acid!
You hit the jelly. The acid corrodes you!
Your hands burn!
The jelly is lightly wounded.
The jelly hits you. The acid corrodes you!
You are splashed with acid!
You hit the jelly. The acid corrodes you!
Your hands burn!
The jelly is lightly wounded.
The jelly hits you.
You are splashed with acid!
You are too injured to fight recklessly!
You are too injured to fight recklessly!
You are too injured to fight recklessly!
You are too injured to fight recklessly!
You are too injured to fight recklessly!
You are too injured to fight recklessly!
You are too injured to fight recklessly!
You are too injured to fight recklessly!
You are too injured to fight recklessly!
You are too injured to fight recklessly!
You are too injured to fight recklessly!
You are too injured to fight recklessly!
You are too injured to fight recklessly!
You are too injured to fight recklessly!
You are too injured to fight recklessly!
You are too injured to fight recklessly!
You are too injured to fight recklessly!
Unknown command.
You hit the jelly but do no damage.
Your hands burn!
You tail-slap the jelly.
The jelly is moderately wounded.
The jelly hits you.
You are splashed with acid!
* * * LOW HITPOINT WARNING * * *
You hit the jelly but do no damage.
Your hands burn!
* * * LOW HITPOINT WARNING * * *
The jelly is moderately wounded.
The jelly hits you.
* * * LOW HITPOINT WARNING * * *
You are splashed with acid!
You die...

...# #..# #. #..# 8.8
...# #.# #.## ##.# #.#
8.8 #.# # # #.####
#.##8##8##8##.##8###8##
#.'..........[..@J.$..+
..##8##8##8##.##8###8##
..# ### ####.#### ..#
#.# #.#8.8#
#####.####.##.##
...........##.##
#####.######8.8# .# #.#
##.## #####.#######.##


You could see a jelly.

Vanquished Creatures
  Grinder (D:4)
  An ice beast (D:4)
  2 black bears
  2 ogres
  Blork the orc (D:4)
  2 necrophages (D:5)
  A scorpion (D:5)
  A howler monkey (D:6)
  A crimson imp (D:4)
  2 hounds (D:5)
  3 orc priests
  A gnoll shaman (D:6)
  Terence (D:2)
  Jessica (D:3)
  Ijyb (D:5)
  An iguana (D:3)
  6 orc wizards
  11 gnolls
  5 adders
  2 shadow imps
  3 white imps
  3 worms
  2 dart slugs
  23 orcs
  8 ball pythons
  4 bats
  7 endoplasms
  4 giant cockroaches
  2 goblins
  8 hobgoblins
  6 jackals
  6 kobolds
  3 quokkas
  3 frilled lizards
  4 rats
132 creatures vanquished.

Notes
Turn   | Place    | Note
-------+----------+-------------------------------------------
     0 | Abyss:1  | Foxy the Palentonga Abyssal Knight began the quest for the
                  | Orb.
     0 | Abyss:1  | Reached XP level 1. HP: 19/19 MP: 2/2
   158 | Abyss:1  | Found a corrupted altar of Lugonu.
   221 | Abyss:1  | Noticed an orb spider
   235 | Abyss:1  | Noticed a rust devil
   252 | Abyss:1  | Noticed a chaos spawn
   276 | D:1      | Escaped the Abyss
   364 | D:1      | Found a faded altar of an unknown god.
   490 | D:1      | Reached skill level 1 in Dodging
   560 | D:1      | Reached XP level 2. HP: 18/25 MP: 3/3
   814 | D:1      | Reached ** piety under Lugonu
  1498 | D:2      | Noticed Terence
  1547 | D:2      | Reached XP level 3. HP: 30/31 MP: 4/4
  1585 | D:2      | Killed Terence
  1586 | D:2      | Reached skill level 3 in Long Blades
  1987 | D:2      | Reached XP level 4. HP: 37/37 MP: 4/6
  2781 | D:3      | Got the Tome of Toxins and Calling
  2811 | D:3      | Found a sacrificial altar of Ru.
  2852 | D:3      | Found Iluuth's Jewellery Boutique.
  3616 | D:3      | Noticed Jessica
  3624 | D:3      | Killed Jessica
  3625 | D:3      | Reached XP level 5. HP: 28/44 MP: 7/7
  4163 | D:3      | Reached skill level 4 in Long Blades
  4437 | D:4      | Noticed Grinder
  4452 | D:4      | Killed Grinder
  4453 | D:4      | Reached XP level 6. HP: 30/51 MP: 8/8
  4604 | D:4      | HP: 2/51 [black bear (1)]
  4930 | D:4      | Reached *** piety under Lugonu
  4931 | D:4      | Reached skill level 5 in Long Blades
  4931 | D:4      | Gained mutation: You curl defensively after being hit. (AC
                  | +7*) [Palentonga growth]
  4931 | D:4      | Reached XP level 7. HP: 49/58 MP: 10/10
  5097 | D:4      | Noticed Blork the orc
  5105 | D:4      | Killed Blork the orc
  5586 | D:4      | Found a burning altar of Makhleb.
  5588 | D:4      | Found a radiant altar of Vehumet.
  6217 | D:5      | Entered Level 5 of the Dungeon
  6707 | D:5      | Reached skill level 5 in Fighting
  6707 | D:5      | Reached skill level 6 in Long Blades
  6718 | D:5      | Reached XP level 8. HP: 58/66 MP: 11/11
  6773 | D:5      | Noticed Ijyb
  6785 | D:5      | Killed Ijyb
  6929 | D:4      | Reached skill level 5 in Invocations
  7992 | D:5      | Found Tumaf's General Store.
  8002 | D:5      | Bought a scroll of teleportation for 42 gold pieces
  8002 | D:5      | Bought a potion of degeneration for 14 gold pieces
  8196 | D:6      | Found Wiss's Armour Boutique.
  8294 | D:6      | Reached skill level 7 in Long Blades
  8724 | D:6      | Found Ralu's Magic Scroll Shop.
  9129 | D:6      | Found Abreriru's Antique Weapon Shoppe.
  9188 | D:6      | Found a staircase to the Ecumenical Temple.
  9292 | D:6      | Splashed by a jelly's acid

Illustrated notes

Levels and vault maps discovered:
D:1:      grunt_arrival_crossed_arrows, layout_loops_ring,
          chequers_ecumenical_altar_simple
D:2:      layout_rooms, uniq_terence
D:3:      layout_loops_corners, mainiacjoe_overflow_surrounded_room,
          serial_aquarium, aquarium_bridge_square [aquarium_subvault_bridge,
          aquarium_subvault_balcony, aquarium_subvault_window,
          aquarium_subvault_window], aquarium_bridge_straight
          [aquarium_subvault_bridge, aquarium_subvault_wall,
          aquarium_subvault_bridge, aquarium_subvault_wall],
          aquarium_window_fake, aquarium_window_corridor_1, aquarium_view_2e,
          aquarium_balcony_3a, aquarium_pool_split, serial_shops,
          nicolae_lakefront_shop, grunt_decor_one_mirror, uniq_jessica
D:4:      layout_basic, grunt_temple_overflow_lords_of_destruction,
          uniq_grinder, uniq_blork_the_orc
D:5:      layout_loops_cross, serial_shops, nicolae_lakefront_shop, uniq_ijyb,
          uniq_duvessa
D:6:      layout_loops_ring, temple_statues, serial_shops, shop,
          nicolae_shop_waterfront, nicolae_shop_crystal,
          nicolae_shop_waterfront, dk_noncrumbling_2

Skill      XL: |  1  2  3  4  5  6  7  8 |
---------------+-------------------------+-----
Dodging        | 1 2 3 4 |  4.1
Long Blades    | 3 4 5 6 7 |  7.3
Invocations    | 3 4 5 |  5.7
Fighting       | 4 5 |  5.8
Armour         | |  1.5

Action                   |  1- 3 |  4- 6 |  7- 9 || total
-------------------------+-------+-------+-------++-------
Melee: Long sword        |    90 |   146 |   239 ||   475
       Falchion          |     3 |       |       ||     3
       Tailslap          |     8 |    20 |    50 ||    78
       Punch             |     1 |     2 |     3 ||     6
Throw: Dart              |       |       |     2 ||     2
Invok: Depart the Abyss  |     1 |       |       ||     1
 Abil: Rolling Charge    |       |     6 |     3 ||     9
  Use: Potion            |       |       |     2 ||     2
       Scroll            |       |       |     6 ||     6
Armor: Leather armour    |     8 |       |       ||     8
       Ring mail         |    16 |    81 |    64 ||   161
Dodge: Dodged            |    56 |    73 |   111 ||   240

Table legend: (Time is in decaauts)
 A = Elapsed time spent in this place.
 B = Non-inter-level travel time spent in this place.
 C = Inter-level travel time spent in this place.
 D = Time resting spent in this place.
 E = Time spent auto-exploring this place.
 F = Levels seen in this place.
 G = Mean time per level.
                   A        B        C        D        E       F      G
               +--------+--------+--------+--------+--------+-----+--------+
         Total |   9376 |   9164 |    212 |   2964 |   4978 |   7 | 1339.4 |
       Dungeon |   9100 |   8888 |    212 |   2964 |   4759 |   6 | 1516.7 |
         Abyss |    276 |    276 |      0 |      0 |    219 |   1 |  276.0 |
               +--------+--------+--------+--------+--------+-----+--------+

Top non-repeatable levels by time:
     D:4: 2552 daAuts
     D:3: 2025 daAuts
     D:2: 1333 daAuts
     D:5: 1259 daAuts
     D:6: 1112 daAuts
     D:1: 817 daAuts
 Abyss:1: 276 daAuts
